 Seeded DCSS version 0.30-a0-715-gdb4ae3ece1 (webtiles) character file.

Game seed: 10612473497621459800 (custom seed)

13739 purpskrrrp the Eclecticist (level 11, 0/54 HPs)
             Began as a Deep Elf Fire Elementalist on Jan 24, 2023.
             Was a Priest of Vehumet.
             Slain by a minotaur
             ... wielding a +0 battleaxe
              (13 damage)
             ... in a Gauntlet.
             The game lasted 00:34:12 (14030 turns).

purpskrrrp the Eclecticist (DEFE)                  Turns: 14030, Time: 00:34:13

Health: 0/54       AC:  9    Str:  5    XL:     11   Next: 79%
Magic:  18/32      EV: 24    Int: 25    God:    Vehumet [***...]
Gold:   84         SH:  0    Dex: 19    Spells: 22/41 levels left

rFire   + + .      SeeInvis .    n - +4 rapier "Esucsaobb" {heavy, Dex+4 Stlth+}
rCold   x . .      Faith    .    (no shield)
rNeg    . . .      Spirit   .    a - +0 robe
rPois   .          Reflect  .    x - +2 hat of the Monkey {rF+}
rElec   .          Harm     .    O - +2 cloak {rCorr}
rCorr   +          Rampage  .    l - +0 pair of gloves
Will    +....      NoTele   +    C - +0 pair of boots
Stlth   +++                      (no amulet)
HPRegen 0.29/turn                c - +5 ring of evasion
MPRegen 0.23/turn                h - ring of fire

@: no status effects
A: no striking features
a: Renounce Religion


You were in a Gauntlet.
You worshipped Vehumet.
Vehumet was most pleased with you.
You visited 2 branches of the dungeon, and saw 12 of its levels.
You also visited: Gauntlet.

You collected 616 gold pieces.
You spent 532 gold pieces at shops.

Inventory:

Hand Weapons
 j - a +0 long sword of venom
 n - the +4 rapier "Esucsaobb" (weapon) {heavy, Dex+4 Stlth+}
   (You took it off an orc on level 4 of the Dungeon)

   Dex:       It affects your dexterity (+4).
   Stlth:     It makes you more stealthy.
 w - a +5 flail of holy wrath
Missiles
 s - 4 throwing nets
Armour
 a - a +0 robe (worn)
 l - a +0 pair of gloves (worn)
 x - the +2 hat of the Monkey (worn) {rF+}
   (You found it on level 6 of the Dungeon)

   rF:        It protects you from fire.
 C - a +0 pair of boots (worn)
 E - a +1 cloak
 H - a +1 cloak of preservation
 O - a +2 cloak of preservation (worn)
Jewellery
 c - a +5 ring of evasion (left hand)
 h - a ring of fire (right hand)
 o - a +5 ring of evasion
 v - the ring of Umugh {*Corrode +Blink rPois rC+ Will++}
   (You took it off a hobgoblin on level 3 of the Dungeon)

   [ring of protection from cold]

   rC:        It protects you from cold.
   rPois:     It protects you from poison.
   +Blink:    It lets you blink.
   *Corrode:  It may corrode you when you take damage.
   Will:      It greatly increases your willpower.
 I - a +5 ring of evasion
 J - a +6 ring of strength
Wands
 r - a wand of charming (15)
 A - a wand of flame (60)
 D - a wand of iceblast (8)
Scrolls
 g - a scroll of immolation
 t - 4 scrolls of teleportation
 y - 2 scrolls of identify
 z - 2 scrolls of fog
 B - 2 scrolls of fear
 G - a scroll of brand weapon
 K - a scroll of amnesia
 L - a scroll of butterflies
 N - a scroll of magic mapping
Potions
 b - a potion of magic
 d - 7 potions of ambrosia
 e - a potion of cancellation
 f - 3 potions of heal wounds
 i - 3 potions of degeneration
 k - 4 potions of attraction
 m - 2 potions of lignification
 p - a potion of brilliance
 q - 6 potions of curing
 u - 2 potions of might
 F - 3 potions of flight {unknown}
Miscellaneous
 M - a lightning rod (3/4)


   Skills:
 + Level 10.6 Dodging
 - Level 2.4 Stealth
 * Level 15.7 Spellcasting
 + Level 9.5 Conjurations
 + Level 10.1 Fire Magic


You had 22 spell levels left.
You knew the following spells:

 Your Spells              Type           Power      Damage    Failure   Level
a - Foxfire               Conj/Fire      100%       2x1d9     1%          1
b - Scorch                Fire           100%       2d10      1%          2
c - Flame Wave            Conj/Fire      80%        2d17      1%          4
d - Ignite Poison         Fire/Tmut/Pois 53%        N/A       1%          3
e - Fireball              Conj/Fire      40%        3d16      1%          5
f - Iskenderun's Mystic   Conj/Tloc      43%        2d10      1%          4

Your spell library contained the following spells:

 Spells                   Type           Power      Damage    Failure   Level
 Magic Dart               Conj           100%       1d8       1%          1
 Momentum Strike          Conj/Tloc      86%        3d10      1%          2
 Dazzling Flash           Conj/Hex       86%        N/A       1%          3
 Inner Flame              Hex/Fire       61%        N/A       1%          3
 Kindle Blastsparks       Fire/Tloc/Air  100%       2d18      1%          3
 Mephitic Cloud           Conj/Pois/Air  35%        N/A       1%          3
 Stone Arrow              Conj/Erth      86%        3d12      1%          3
 Sting                    Tmut/Pois      76%        1d6       2%          1
 Blink                    Tloc           38%        N/A       4%          2
 Call Imp                 Summ           19%        N/A       4%          2
 Ensorcelled Hibernation  Hex/Ice        38%        N/A       4%          2
 Lesser Beckoning         Tloc           38%        N/A       4%          2
 Passwall                 Tmut/Erth      15%        N/A       4%          2
 Swiftness                Air            19%        N/A       9%          3
 Animate Armour           Summ/Erth      38%        N/A       26%         4
 Animate Dead             Necr           19%        N/A       26%         4
 Lehudib's Crystal Spear  Conj/Erth      21%        10d6      99%         8
 Haunt                    Necr/Summ      9%         N/A       100%        7
 Infestation              Necr           9%         N/A       100%        8


Dungeon Overview and Level Annotations

Branches:
Dungeon (11/15)            Temple (1/1) D:4            Lair (0/5) D:11
    Orc (0/2) D:9         Gauntlet (1/1)

Altars:
Ashenzari
Cheibriados
Dithmenos
Elyvilon
Fedhas
Gozag
Hepliaklqana
Kikubaaqudgha
Makhleb
Nemelex Xobeh
Okawaru
Qazlal
Ru
Sif Muna
Trog
Uskayaw
Vehumet
Wu Jian
Xom
Yredelemnul
Zin
The Shining One

Shops:
D:2 (   D:4 **   D:10 (

Annotations:
D:9 1 runed translucent door Gauntlet 10 transporters, 20 runed translucent doors


Message History

You finish putting on your +2 cloak of preservation.
There is a transporter here.
You enter the transporter and appear at another place.
A minotaur comes into view.
It is wielding a +0 battleaxe and quivering silver javelins.
The minotaur moves out of view.
You start waiting.
A minotaur is nearby!
Casting: Foxfire (safe; 1% risk of failure)
Confirm with . or Enter, or press ? or * to list all spells.
You feel a surge of power!
Flames lash the minotaur.
The minotaur bellows!
The minotaur is lightly wounded.
The minotaur's fire resistance burns away.
Casting: Scorch (safe; 1% risk of failure)
Confirm with . or Enter, or press ? or * to list all spells.
Aiming: Fireball (dangerous; 1% risk of failure)
Press: ? - help, Shift-Dir - straight line, f - minotaur
Aim: a minotaur, wielding a +0 battleaxe, wearing a +0 chain mail, wearing a +6 ring of strength and quivering silver javelins (lightly wounded, more vulnerable to fire)
You feel a surge of power!
The fireball explodes!
The fireball engulfs the minotaur!!!
The minotaur is burned terribly!
The minotaur is heavily wounded.
Casting: Fireball (dangerous; 1% risk of failure)
Confirm with . or Enter, or press ? or * to list all spells.
You erupt in a blast of force!
The mystic blast hits the minotaur but does no damage.
The minotaur is heavily wounded.
The minotaur hits you with a +0 battleaxe!
The minotaur misses you.
Casting: Iskenderun's Mystic Blast (dangerous; 1% risk of failure)
Confirm with . or Enter, or press ? or * to list all spells.
Casting: Flame Wave (safe; 1% risk of failure)
Press: ? - help, Dir - look around, f - activate You feel a surge of power!
A wave of flame ripples out!
The flame wave engulfs the minotaur!
The minotaur is burned terribly!
The minotaur is heavily wounded. (Press . to intensify the flame waves.)
The minotaur hits you with a +0 battleaxe!!
* * * LOW HITPOINT WARNING * * *
The minotaur gores you!
You die...

##########
........@#
#######H.#
......#.##
#####.#..#
#.##.# ..
#.# ## #.#
#.# #.#


You could see a minotaur (combustible).

Vanquished Creatures
  Erica (D:10)
  3 two-headed ogres
  A harpy (shapeshifter) (Gauntlet)
  A cyclops (D:11)
  An ugly thing (D:9)
  A wolf spider (Gauntlet)
  A moth of wrath (Gauntlet)
  Psyche (D:10)
  2 trolls (D:9)
  Prince Ribbit (D:5)
  A shadow (D:9)
  3 centaur simulacra (Gauntlet)
  3 fire bats (D:9)
  A wyvern (D:8)
  8 yaks
  7 wraiths
  A ynoxinul (D:9)
  Grum (D:9)
  4 steam dragons
  3 redbacks (Gauntlet)
  Edmund (D:4)
  A water moccasin (D:9)
  2 orc warriors
  A sky beast (D:8)
  2 wolves (D:9)
  2 ogres
  3 centaurs
  2 kobold brigands
  4 phantoms
  5 bullfrogs
  6 scorpions
  3 necrophages (D:6)
  17 killer bees
  2 howler monkeys (D:9)
  2 electric eels (D:8)
  A wyvern simulacrum (Gauntlet)
  3 hounds (D:5)
  3 gnoll boudas
  3 iguanas
  6 orc wizards
  A boggart simulacrum (Gauntlet)
  4 adders
  19 gnolls
  2 shadow imps (D:6)
  2 white imps (D:6)
  An ufetubus (D:6)
  A dart slug (D:4)
  11 orcs
  6 ball pythons
  2 endoplasms (D:3)
  4 giant cockroaches
  3 goblins
  2 hobgoblins (D:3)
  6 jackals
  13 kobolds
  4 quokkas
  12 bats
  3 frilled lizards
  2 rats
212 creatures vanquished.

Vanquished Creatures (collateral kills)
  A foxfire (D:6)
1 creature vanquished.

Vanquished Creatures (others)
  1201 foxfires
1201 creatures vanquished.

Grand Total: 1414 creatures vanquished

Notes
Turn   | Place    | Note
-------+----------+-------------------------------------------
     0 | D:1      | purpskrrrp the Deep Elf Fire Elementalist began the quest
                  | for the Orb.
     0 | D:1      | Reached XP level 1. HP: 10/10 MP: 6/6
   807 | D:2      | Reached XP level 2. HP: 15/15 MP: 3/8
  1293 | D:2      | You fall into a shaft and drop 1 floor!
  1316 | D:3      | Reached XP level 3. HP: 19/19 MP: 2/10
  1582 | D:3      | Reached skill level 4 in Spellcasting
  1898 | D:3      | Reached XP level 4. HP: 24/24 MP: 2/12
  2209 | D:2      | Found Cuonynum's Antique Weapon Emporium.
  3343 | D:4      | Noticed a scorpion
  3347 | D:4      | Killed a scorpion
  3348 | D:4      | Reached skill level 5 in Spellcasting
  3348 | D:4      | Reached XP level 5. HP: 28/28 MP: 8/14
  3716 | D:4      | Reached XP level 6. HP: 31/32 MP: 7/16
  3793 | D:4      | Found Hejeruips's General Store.
  3846 | D:4      | Reached skill level 6 in Spellcasting
  3895 | D:4      | Found Pobloesh's Elemental Accessories.
  3902 | D:4      | Noticed Edmund
  4251 | D:3      | Learned a level 2 spell: Scorch
  4302 | D:3      | Identified the ring of Umugh {*Corrode +Blink rPois rC+
                  | Will++}
  4797 | D:4      | Killed Edmund
  4798 | D:4      | Reached skill level 7 in Spellcasting
  4798 | D:4      | Reached skill level 5 in Fire Magic
  4798 | D:4      | Reached XP level 7. HP: 36/36 MP: 11/19
  5026 | D:4      | Found a staircase to the Ecumenical Temple.
  5026 | D:4      | Identified the +4 rapier "Esucsaobb" {heavy, Dex+4 Stlth+}
  5040 | Temple   | Entered the Ecumenical Temple
  5201 | Temple   | Became a worshipper of Vehumet
  5247 | D:5      | Entered Level 5 of the Dungeon
  5267 | D:5      | Reached skill level 5 in Dodging
  5555 | D:5      | Reached skill level 8 in Spellcasting
  5617 | D:5      | Reached XP level 8. HP: 41/41 MP: 4/22
  5785 | D:5      | Noticed Prince Ribbit
  5792 | D:5      | Killed Prince Ribbit
  6227 | D:6      | Reached skill level 9 in Spellcasting
  6227 | D:6      | Reached skill level 5 in Conjurations
  6421 | D:6      | Identified the +2 hat of the Monkey {rF+}
  6817 | D:6      | Found an iron altar of Okawaru.
  7425 | D:7      | Reached skill level 10 in Spellcasting
  7624 | D:7      | Reached XP level 9. HP: 45/45 MP: 17/25
  7625 | D:7      | Reached * piety under Vehumet
  7625 | D:7      | Offered knowledge of Kiss of Death by Vehumet.
  8310 | D:7      | Reached skill level 11 in Spellcasting
  8891 | D:8      | Found a blossoming altar of Fedhas.
  8892 | D:8      | Found an ancient bone altar of Kikubaaqudgha.
  8892 | D:8      | Found a shimmering altar of Xom.
  8892 | D:8      | Found a sacrificial altar of Ru.
  8893 | D:8      | Found a hazy altar of Hepliaklqana.
  8893 | D:8      | Found a stormy altar of Qazlal.
  8906 | D:8      | Found an opulent altar of Gozag.
  8906 | D:8      | Found an ornate altar of the Wu Jian Council.
  8906 | D:8      | Found a sparkling altar of Nemelex Xobeh.
  8908 | D:8      | Found a snail-covered altar of Cheibriados.
  8908 | D:8      | Found a glowing golden altar of the Shining One.
  8908 | D:8      | Found a basalt altar of Yredelemnul.
  8908 | D:8      | Noticed a two-headed ogre
  8917 | D:8      | Killed a two-headed ogre
  8918 | D:8      | Reached skill level 12 in Spellcasting
  9194 | D:8      | Reached XP level 10. HP: 50/50 MP: 23/28
  9789 | D:9      | Learned a level 4 spell: Flame Wave
  9944 | D:9      | Noticed Grum
  9950 | D:9      | Killed Grum
  9988 | D:9      | Found a staircase to the Orcish Mines.
 10322 | D:9      | Offered knowledge of Searing Ray by Vehumet.
 10326 | D:9      | Reached ** piety under Vehumet
 10513 | D:9      | Noticed a white ugly thing
 10803 | D:9      | Reached skill level 13 in Spellcasting
 11136 | D:9      | Killed a white ugly thing
 11193 | D:9      | Found a broken altar of Ashenzari.
 11275 | D:9      | Found an ancient bone altar of Kikubaaqudgha.
 11281 | D:9      | Found a shadowy altar of Dithmenos.
 11288 | D:9      | Found a runed translucent door.
 11288 | D:9      | Noticed a flayed ghost
 11293 | D:9      | Found a stormy altar of Qazlal.
 11297 | D:9      | Found a shimmering blue altar of Sif Muna.
 11311 | D:9      | Found a hide-covered altar of Uskayaw.
 11441 | D:9      | Offered knowledge of Ignite Poison by Vehumet.
 11457 | D:9      | Learned a level 3 spell: Ignite Poison
 11646 | D:9      | Found a shimmering blue altar of Sif Muna.
 11656 | D:9      | Reached skill level 14 in Spellcasting
 11685 | D:9      | Got Sif Muna's Thoughts on the Vehement Body
 11690 | D:9      | Found a bloodstained altar of Trog.
 11760 | D:9      | Reached *** piety under Vehumet
 12027 | D:4      | Bought the Codex of Arson for 532 gold pieces
 12033 | D:4      | Learned a level 5 spell: Fireball
 12118 | D:10     | Entered Level 10 of the Dungeon
 12118 | D:10     | Noticed Psyche
 12118 | D:10     | Noticed a two-headed ogre
 12120 | D:10     | Killed Psyche
 12121 | D:10     | Reached XP level 11. HP: 54/54 MP: 21/31
 12125 | D:10     | Killed a two-headed ogre
 12262 | D:10     | Noticed a two-headed ogre
 12263 | D:10     | Noticed Erica
 12265 | D:10     | Killed a two-headed ogre
 12270 | D:10     | Killed Erica
 12601 | D:10     | Reached skill level 10 in Dodging
 12616 | D:10     | Reached skill level 15 in Spellcasting
 13029 | D:10     | Found Oczedgheu's Weapon Shoppe.
 13249 | D:11     | Found a gate leading to a gauntlet.
 13252 | D:11     | Offered knowledge of Iskenderun's Mystic Blast by Vehumet.
 13258 | Gauntlet | Entered a Gauntlet
 13258 | Gauntlet | Found a transporter.
 13258 | Gauntlet | Found a transporter.
 13264 | Gauntlet | Learned a level 4 spell: Iskenderun's Mystic Blast
 13380 | Gauntlet | Found a transporter.
 13381 | Gauntlet | Found the dreamshard necklace {*Dream Drain}
 13395 | Gauntlet | Found a transporter.
 13397 | Gauntlet | Found a large runed translucent door.
 13398 | Gauntlet | Found a large runed translucent door.
 13399 | Gauntlet | Found a large runed translucent door.
 13399 | Gauntlet | Found a large runed translucent door.
 13411 | Gauntlet | Found a transporter.
 13422 | Gauntlet | Found a transporter.
 13438 | Gauntlet | Found a transporter.
 13452 | Gauntlet | Found a large runed translucent door.
 13504 | Gauntlet | Found a transporter.
 13519 | Gauntlet | Found a transporter.
 13541 | Gauntlet | Found a transporter.
 13548 | Gauntlet | Found a transporter.
 13552 | Gauntlet | Noticed a wolf spider
 13564 | Gauntlet | Found a transporter.
 13631 | Gauntlet | Found a transporter.
 13633 | Gauntlet | Found a large runed translucent door.
 13634 | Gauntlet | Found a large runed translucent door.
 13635 | Gauntlet | Found a large runed translucent door.
 13635 | Gauntlet | Found a large runed translucent door.
 13635 | Gauntlet | Found a runed translucent door.
 13636 | Gauntlet | Found a large runed translucent door.
 13637 | Gauntlet | Found a large runed translucent door.
 13638 | Gauntlet | Found a large runed translucent door.
 13638 | Gauntlet | Found a large runed translucent door.
 13639 | Gauntlet | Found a runed translucent gate.
 13640 | Gauntlet | Noticed a necromancer
 13646 | Gauntlet | Found a transporter.
 13648 | Gauntlet | Noticed a tengu warrior
 13675 | Gauntlet | Found a transporter.
 13677 | Gauntlet | Found a runed translucent gate.
 13677 | Gauntlet | Found a runed translucent gate.
 13679 | Gauntlet | Found a large runed translucent door.
 13681 | Gauntlet | Found a runed translucent door.
 13685 | Gauntlet | Found a transporter.
 13692 | Gauntlet | Found a large runed translucent door.
 13736 | Gauntlet | Noticed a harpy
 13765 | Gauntlet | Killed a harpy
 13851 | Gauntlet | Killed a wolf spider
 13852 | Gauntlet | Reached skill level 10 in Fire Magic
 14020 | Gauntlet | Noticed a minotaur
 14030 | Gauntlet | Slain by a minotaur

Illustrated notes

Levels and vault maps discovered:
D:1:      co_arrival_random_square_maze, layout_basic
D:2:      layout_basic, serial_shops, nicolae_shop_crystal
D:3:      layout_basic
D:4:      layout_rooms, minmay_temple_entry_enclosed_plants, serial_shops,
          nicolae_square_shop, hex_intersection, nicolae_elemental_shop,
          lightli_corner_chamber, uniq_edmund
D:5:      layout_rooms, hangedman_abyss_or_decor_stagger, dk_rats_in_the_wall,
          uniq_prince_ribbit1
D:6:      layout_cave_pods, okawaru_gym_becter, serial_demonic,
          serial_demonic_d, serial_demonic_f, serial_demonic_c, serial_demonic_a
D:7:      layout_gridville, grunt_ministairs_9, grunt_decor_cap
D:8:      layout_loops_ring, nicolae_overflows_in_rows, kennysheep_boxes
D:9:      due_megacathedral, layout_basic,
          nzn_overflow_gifts_of_might_and_magic, uniq_grum
D:10:     layout_rooms, serial_shops, nicolae_shop_bloodbath_and_beyond,
          minmay_misc_feat_roman, serial_park_tiny_1, minmay_misc_feat_square,
          grunt_ogre_cave, uniq_erica, uniq_psyche
D:11:     layout_gridville, dpeg_lair_monsters, gauntlet_entry_generic,
          minmay_microvault
Temple:   hellmonk_temple_beads
Gauntlet: gammafunk_gauntlet_branching [gammafunk_gauntlet_arena_split_diamond,
          gammafunk_gauntlet_arena_crates, gammafunk_gauntlet_arena_split_x,
          gammafunk_gauntlet_arena_chambers,
          minmay_gauntlet_arena_make_your_own_arena, nicolae_gauntlet_swirl,
          nicolae_gauntlet_arena_t_cross, gammafunk_gauntlet_arena_grid,
          dreamdust_gauntlet_exit_labyrinth]

Skill      XL: |  1  2  3  4  5  6  7  8  9 10 11 |
---------------+----------------------------------+-----
Dodging        | 3 4 5 6 8 9 10 | 10.6
Spellcasting   | 4 5 7 8 10 12 14 15 | 15.7
Conjurations   | 2 3 4 5 7 8 9 |  9.5
Fire Magic     | 4 5 6 7 9 10 | 10.1
Stealth        | |  2.4

Action                     |  1- 3 |  4- 6 |  7- 9 | 10-12 || total
---------------------------+-------+-------+-------+-------++-------
  Melee: Long sword        |       |     2 |     1 |       ||     3
         Rapier            |       |       |     2 |    45 ||    47
         Punch             |       |       |       |     1 ||     1
   Cast: Foxfire           |   108 |   141 |   311 |   204 ||   764
         Scorch            |       |     1 |    28 |    66 ||    95
         Fireball          |       |       |       |    17 ||    17
         Flame Wave        |       |       |       |     3 ||     3
         Iskenderun's Myst |       |       |       |     9 ||     9
  Evoke: Lightning rod     |       |       |       |     4 ||     4
         Wand              |       |       |       |     2 ||     2
    Use: Scroll            |     3 |     8 |     1 |    17 ||    29
         Potion            |       |       |       |     1 ||     1
 Armour: Robe              |       |     2 |     5 |    28 ||    35
  Dodge: Dodged            |     2 |     9 |    59 |   172 ||   242

Table legend: (Time is in decaauts)
 A = Elapsed time spent in this place.
 B = Non-inter-level travel time spent in this place.
 C = Inter-level travel time spent in this place.
 D = Time resting spent in this place.
 E = Time spent auto-exploring this place.
 F = Levels seen in this place.
 G = Mean time per level.
                   A        B        C        D        E       F      G
               +--------+--------+--------+--------+--------+-----+--------+
         Total |  14086 |  13153 |    933 |   1653 |   9510 |  13 | 1083.5 |
       Dungeon |  13118 |  12224 |    894 |   1606 |   8846 |  11 | 1192.5 |
        Temple |    186 |    147 |     39 |      0 |    138 |   1 |  186.0 |
      Gauntlet |    781 |    781 |      0 |     47 |    526 |   1 |  781.0 |
               +--------+--------+--------+--------+--------+-----+--------+

Top non-repeatable levels by time:
     D:9: 2238 daAuts
     D:3: 2168 daAuts
     D:8: 1456 daAuts
     D:4: 1247 daAuts
     D:6: 1214 daAuts
    D:10: 1136 daAuts
     D:5: 985 daAuts
     D:7: 963 daAuts
     D:2: 895 daAuts
     D:1: 796 daAuts
Gauntlet: 781 daAuts
  Temple: 186 daAuts
    D:11: 15 daAuts
